 Dungeon Crawl Stone Soup version 0.22.1-1-ga44c0e56f4 (webtiles) character file.

631663 Lucifer the Devastator (level 27, -9/204 HPs)
             Began as a Demonspawn Fire Elementalist on Oct 11, 2018.
             Was a High Priest of Sif Muna.
             Mangled by an Orb Guardian (20 damage)
             ... while paralysed
             ... on level 5 of the Realm of Zot on Oct 18, 2018.
             The game lasted 12:20:44 (64526 turns).

Lucifer the Devastator (DsFE)                      Turns: 64526, Time: 12:20:45

Health: -9/204     AC: 29    Str:  6      XL:     27
Magic:  6/49       EV:  2    Int: 41 (44) God:    Sif Muna [*****.]
Gold:   6582       SH:  0    Dex: 30      Spells: 6/62 levels left

rFire    + + +     SeeInvis +   a - +3 Elemental Staff {rElec rF++ rC++ MR++ AC+5}
rCold    + + +     Gourm    .   I - +4 shield of the Lair of Beasts {Str-4 Int+5 Slay+2}
rNeg     + + +     Faith    .   W - +5 ring mail of the Pure Gods {*Slow Int+10}
rPois    +         Spirit   .   v - +2 helmet {SInv}
rElec    +         Reflect  .   E - +2 cloak of the Hart {Dex+5}
rCorr    .         Harm     .   q - +2 pair of gloves {Dex+3}
MR       ++++.     Clarity  +   (boots unavailable)
Stlth    +.........             e - amulet of Itwizouf {rF+ rN+++ Regen+ Str-3}
HPRegen  0.84/turn              P - ring of Reteynao {Wiz Int+4}
MPRegen  0.31/turn              L - ring of Wuelao {EV+3 Dex+3}

@: paralysed, agile, berserk cooldown, contaminated, hasted and slowed, glowing,
divine energy
A: claws 1, hooves 3, iridescent scales 3, blurry vision 2, clarity, cold
resistance 1, deformed body, deterioration 1, high mp 1, icemail, negative
energy resistance 1, poison resistance, screaming 1, spiny 3, 50% torment
resistance, no potion heal 1, black mark, freezing cloud immunity, subdued magic
1, MP-powered wands
}: 3/15 runes: decaying, serpentine, silver
a: Stop Divine Energy, Channel Magic, Forget Spell, Renounce Religion


You were on level 5 of the Realm of Zot.
You worshipped Sif Muna.
Sif Muna was extremely pleased with you.
You were very hungry.

You visited 10 branches of the dungeon, and saw 50 of its levels.
You visited the Abyss 2 times.
You also visited: Volcano.

You collected 8062 gold pieces.
You spent 1480 gold pieces at shops.


Innate Abilities, Weirdness & Mutations

You have hooves in place of feet.
You are completely covered in iridescent scales. (AC +6)
Your flesh is cold resistant. (rC+)
A meltable icy envelope protects you from harm. (AC +0)
You resist negative energy. (rN+)
You are completely covered in sharp spines.
You are somewhat able to resist unholy torments (1 in 2 success).
Your melee attacks may debilitate your foes.
You are immune to freezing clouds.
You have sharp fingernails.
Scrolls take you longer to read.
You possess an exceptional clarity of mind.
Armour fits poorly on your strangely shaped body.
Your body sometimes deteriorates upon taking damage.
You have an increased reservoir of magic. (+10% MP)
Your system is resistant to poisons. (rPois)
You occasionally shout uncontrollably at your foes.
Potions are less effective at restoring your health.
Your spells are a little easier to cast, but a little less powerful.
You expend magic power (3 MP) to strengthen your wands.


   Skills:
 - Level 14.0 Fighting
   Level 2.4(8.1) Polearms
 - Level 11.8(12.0) Staves
 - Level 6.0 Armour
 - Level 12.0 Dodging
 - Level 2.0 Stealth
 - Level 15.0 Shields
 - Level 18.0 Spellcasting
 + Level 19.4 Conjurations
   Level 3.0 Hexes
 - Level 5.0 Charms
 - Level 9.0 Summonings
 - Level 7.0 Necromancy
 - Level 3.0 Translocations
 - Level 3.0 Transmutations
 + Level 19.4 Fire Magic
 - Level 9.0 Invocations
 - Level 15.0 Evocations


You had 6 spell levels left.
You knew the following spells:

 Your Spells              Type           Power        Failure   Level  Hunger
a - Fireball              Conj/Fire      ########..   0%          5    None
b - Bolt of Fire          Conj/Fire      ########..   1%          6    None
c - Ignition              Fire           ########..   1%          8    ###....
d - Orb of Destruction    Conj           ########..   1%          7    None
i - Irradiate             Conj/Tmut      #######...   1%          5    None
m - Iskenderun's Mystic   Conj           ########     0%          4    None
p - Force Lance           Conj/Tloc      #######.     1%          4    None
r - Regeneration          Chrm/Necr      ######....   1%          3    None
s - Sublimation of Blood  Necr           ######....   1%          2    None
A - Aura of Abjuration    Summ           ######....   1%          5    None
S - Spellforged Servitor  Conj/Summ      #######...   1%          7    None

Your spell library contained the following spells:

 Spells                   Type           Power        Failure   Level  Hunger
 Flame Tongue             Conj/Fire      #####        0%          1    None
 Magic Dart               Conj           ####         0%          1    None
 Shock                    Conj/Air       ####         0%          1    None
 Sting                    Conj/Pois      ####         0%          1    None
 Searing Ray              Conj           ######       0%          2    None
 Throw Flame              Conj/Fire      ######       0%          2    None
 Conjure Flame            Conj/Fire      ########     0%          3    None
 Sticky Flame             Conj/Fire      ########     0%          4    None
 Animate Skeleton         Necr           N/A          1%          1    None
 Apportation              Tloc           #####.       1%          1    None
 Beastly Appendage        Tmut           #####.       1%          1    None
 Confusing Touch          Hex            #####.       1%          1    None
 Corona                   Hex            #####..      1%          1    None
 Freeze                   Ice            ####         1%          1    None
 Infusion                 Chrm           ####         1%          1    None
 Pain                     Necr           ####         1%          1    None
 Sandblast                Erth           ####..       1%          1    None
 Summon Butterflies       Summ           ######..     1%          1    None
 Summon Small Mammal      Summ           ####         1%          1    None
 Blink                    Tloc           N/A          1%          2    None
 Call Imp                 Summ           ######..     1%          2    None
 Corpse Rot               Necr           N/A          1%          2    None
 Ensorcelled Hibernation  Hex/Ice        #####.       1%          2    None
 Passwall                 Tmut/Erth      #####...     1%          2    None
 Poisonous Vapours        Pois/Air       ####..       1%          2    None
 Shroud of Golubria       Chrm/Tloc      ######....   1%          2    None
 Slow                     Hex            #####...     1%          2    None
 Song of Slaying          Chrm           ######..     1%          2    None
 Sticks to Snakes         Tmut           #####...     1%          2    None
 Swiftness                Chrm/Air       #####...     1%          2    None
 Throw Frost              Conj/Ice       ######       1%          2    None
 Call Canine Familiar     Summ           ######..     1%          3    None
 Confuse                  Hex            #####...     1%          3    None
 Dazzling Spray           Conj/Hex       ######       1%          3    None
 Gell's Gravitas          Tloc           #####.....   1%          3    None
 Ignite Poison            Fire/Tmut/Pois ######..     1%          3    None
 Inner Flame              Hex/Fire       #######.     1%          3    None
 Lesser Beckoning         Tloc           #####.....   1%          3    None
 Mephitic Cloud           Conj/Pois/Air  ######..     1%          3    None
 Ozocubu's Armour         Chrm/Ice       #####...     1%          3    None
 Portal Projectile        Hex/Tloc       #####.       1%          3    None
 Recall                   Summ/Tloc      N/A          1%          3    None
 Spectral Weapon          Hex/Chrm       ######..     1%          3    None
 Spider Form              Tmut/Pois      #####.....   1%          3    None
 Static Discharge         Conj/Air       ######..     1%          3    None
 Stone Arrow              Conj/Erth      ######       1%          3    None
 Summon Guardian Golem    Hex/Summ       ######..     1%          3    None
 Teleport Other           Tloc           #####...     1%          3    None
 Tukima's Dance           Hex            #####...     1%          3    None
 Vampiric Draining        Necr           ######....   1%          3    None
 Animate Dead             Necr           N/A          1%          4    None
 Fulminant Prism          Conj/Hex       #######...   1%          4    None
 Summon Ice Beast         Ice/Summ       ######..     1%          4    None
 Throw Icicle             Conj/Ice       ######..     1%          4    None
 Agony                    Necr           ######..     1%          5    None
 Bolt of Draining         Conj/Necr      #######...   1%          5    None
 Bolt of Magma            Conj/Fire/Erth #######...   1%          5    None
 Dispel Undead            Necr           ######..     1%          5    None
 Excruciating Wounds      Chrm/Necr      ######....   1%          5    None
 Iskenderun's Battlesphe  Conj/Chrm      #######.     1%          5    None
 Lightning Bolt           Conj/Air       ######....   1%          5    None
 Summon Demon             Summ           ######....   1%          5    None
 Summon Forest            Summ/Tloc      ######....   1%          5    None
 Summon Mana Viper        Hex/Summ       ######..     1%          5    None
 Venom Bolt               Conj/Pois      ######....   1%          5    None
 Cause Fear               Hex            #####.....   2%          4    None
 Passage of Golubria      Tloc           N/A          2%          4    None
 Bolt of Cold             Conj/Ice       ######....   2%          6    None
 Conjure Ball Lightning   Conj/Air       ######....   2%          6    None
 Poison Arrow             Conj/Pois      ######....   2%          6    None
 Shadow Creatures         Summ           N/A          2%          6    None
 Ice Form                 Ice/Tmut       #####...     4%          4    None
 Leda's Liquefaction      Hex/Erth       #####.....   4%          4    None
 Petrify                  Tmut/Erth      #####...     4%          4    None
 Borgnjor's Vile Clutch   Necr/Erth      ######....   5%          5    None
 Blade Hands              Tmut           #####.....   6%          5    None
 Yara's Violent Unravell  Hex/Tmut       #####.....   6%          5    None
 Death Channel            Necr           ######....   7%          6    None
 Olgreb's Toxic Radiance  Pois           ####....     9%          4    None
 Freezing Cloud           Conj/Ice/Air   ######....   9%          6    None
 Alistair's Intoxication  Tmut/Pois      #####...     12%         5    None
 Metabolic Englaciation   Hex/Ice        #####.....   12%         5    None
 Silence                  Hex/Air        #####.....   12%         5    None
 Lee's Rapid Deconstruct  Erth           ####......   22%         5    None
 Simulacrum               Ice/Necr       ######....   30%         6    None
 Darkness                 Hex            #####.....   34%         6    None
 Dispersal                Tloc           #####.....   34%         6    None
 Hydra Form               Tmut           #####.....   34%         6    None
 Invisibility             Hex            #####...     34%         6    None
 Deflect Missiles         Chrm/Air       #####.....   41%         6    None
 Ozocubu's Refrigeration  Ice            ####......   77%         6    None
 Ring of Flames           Chrm/Fire      #######...   4%          7    None
 Monstrous Menagerie      Summ           ######....   17%         7    None
 Summon Greater Demon     Summ           ######....   17%         7    None
 Summon Hydra             Summ           ######....   17%         7    None
 Haunt                    Necr/Summ      ######....   26%         7    None
 Fire Storm               Conj/Fire      ########..   28%         9    #####..
 Chain Lightning          Conj/Air       ######....   69%         8    ###....
 Lehudib's Crystal Spear  Conj/Erth      ######....   69%         8    ###....
 Summon Horrible Things   Summ           ######....   77%         8    ###....
 Borgnjor's Revivificati  Necr           ######....   96%         8    ###....
 Death's Door             Chrm/Necr      ######....   99%         8    ###....
 Necromutation            Tmut/Necr      ######....   99%         8    ###....
 Controlled Blink         Tloc           N/A          100%        8    ###....
 Discord                  Hex            #####.....   100%        8    ###....
 Disjunction              Tloc           #####.....   100%        8    ###....
 Dragon's Call            Summ           ######....   100%        9    #####..
 Glaciate                 Conj/Ice       ######....   100%        9    #####..
 Shatter                  Erth           ####......   100%        9    #####..

Inventory:

Hand Weapons
 a - the +3 Elemental Staff (weapon) {rElec rF++ rC++ MR++ AC+5}

   It affects your AC (+5).
   It greatly protects you from fire.
   It greatly protects you from cold.
   It insulates you from electricity.
   It affects your resistance to hostile enchantments.
 u - the +8 quarterstaff "Geabin" {antimagic, Str+3}

   It reduces the magical energy of the wielder, and disrupts the spells and
   magical abilities of those hit.
   Natural abilities and divine invocations are not affected.
   It affects your strength (+3).
Missiles
 F - 6 curare-tipped needles {=f}
 H - 4 throwing nets {=f}
Armour
 q - a +2 pair of gloves of dexterity (worn)
 v - a +2 helmet of see invisible (worn)
 E - the +2 cloak of the Hart (worn) {Dex+5}

   It affects your dexterity (+5).
 I - the +4 shield of the Lair of Beasts (worn) {Str-4 Int+5 Slay+2}

   It affects your strength (-4).
   It affects your intelligence (+5).
   It affects your accuracy and damage with ranged weapons and melee attacks
   (+2).
 W - the +5 ring mail of the Pure Gods (worn) {*Slow Int+10}

   It affects your intelligence (+10).
   It may slow you when you take damage.
Jewellery
 e - the amulet of Itwizouf (around neck) {rF+ rN+++ Regen+ Str-3}

   [amulet of regeneration]

   It affects your strength (-3).
   It protects you from fire.
   It renders you almost immune to negative energy.
   It increases your rate of regeneration.
 m - an uncursed ring of flight
 y - an uncursed ring of poison resistance
 K - an uncursed ring of see invisible {unknown}
 L - the ring of Wuelao (right hand) {EV+3 Dex+3}

   [ring of evasion]

   It affects your evasion (+3).
   It affects your dexterity (+3).
 P - the ring of Reteynao (left hand) {Wiz Int+4}

   [ring of wizardry]

   It improves your spell success rate.
   It affects your intelligence (+4).
 U - a +2 amulet of reflection
Wands
 i - a wand of iceblast (14)
 n - a wand of digging (56)
 G - a wand of acid (27)
Scrolls
 b - a scroll of summoning
 j - 4 scrolls of blinking
 k - 12 scrolls of fog
 s - 21 scrolls of remove curse
 t - 6 scrolls of identify {@r1}
 w - 7 scrolls of immolation {!r}
 x - 19 scrolls of teleportation {@r4}
 J - 5 scrolls of fear
 O - a scroll of enchant weapon
 T - a scroll of amnesia
 V - 6 scrolls of silence {!r}
 Z - 3 scrolls of magic mapping
Potions
 c - 2 potions of mutation {!q}
 d - 4 potions of haste {@q3}
 g - 2 potions of brilliance
 l - 10 potions of curing {@q1}
 o - 7 potions of flight
 p - 5 potions of magic
 r - 4 potions of cancellation
 z - 6 potions of might
 A - 3 potions of resistance
 B - 8 potions of agility
 C - a potion of invisibility
 D - 5 potions of berserk rage {!q}
Miscellaneous
 M - a lightning rod (4/4)
 N - a fan of gales
 Q - a phial of floods
 S - a crystal ball of energy
Comestibles
 f - 79 rations
 R - 4 chunks of flesh

Dungeon Overview and Level Annotations

Branches:
Dungeon (15/15)            Temple (1/1) D:6            Lair (6/6) D:11
  Swamp (4/4) Lair:2        Snake (4/4) Lair:3        Slime (0/5) Lair:6
    Orc (2/2) D:9             Elf (3/3) Orc:2        Vaults (5/5) D:13
  Crypt (0/3) Vaults:2     Depths (5/5) D:15            Zot (5/5) Depths:5

Altars:
Ashenzari
Cheibriados
Dithmenos
Elyvilon
Fedhas
Gozag
Hepliaklqana
Kikubaaqudgha
Makhleb
Nemelex Xobeh
Okawaru
Qazlal
Ru
Sif Muna
Trog
Uskayaw
Vehumet
Wu Jian
Xom
Yredelemnul
Zin
The Shining One
Beogh

Shops:
D:10 ?   Orc:2 (:[   Elf:2 !   Elf:3 (   Snake:3 %}=}*   Vaults:5 (   Zot:4 *
Depths:1 [(   Depths:2 *   Depths:4 :

Portals:
Hell: Depths:1 Depths:2 Depths:3 Depths:4 Depths:5
Abyss: Depths:2 Depths:4
Pandemonium: Depths:3
Ziggurat: Depths:1

Annotations:
D:1 cleared, exclusion: downstairs
D:2 cleared
D:3 cleared
D:4 cleared
D:5 cleared
D:6 cleared
D:7 cleared
D:8 cleared
D:9 cleared
D:10 cleared
D:11 cleared
D:12 cleared, exclusion: 2 downstairs
D:13 cleared
D:14 cleared, exclusion: downstairs
D:15 3 runed doors, otherwise cleared, OdinFK's ghost, journeyman FoVM
Lair:1 cleared
Lair:2 cleared
Lair:3 cleared
Lair:4 cleared
Lair:5 cleared
Lair:6 cleared
Swamp:1 cleared
Swamp:2 cleared
Swamp:3 cleared, exclusion: downstairs
Swamp:4 cleared
Snake:1 cleared, exclusion: downstairs
Snake:2 cleared
Snake:3 cleared, exclusion: 2 downstairs
Snake:4 cleared
Orc:1 3 runed doors, otherwise cleared, topfpfpflanze's ghost, journeyman DsNe
Orc:2 2 transporters, otherwise cleared, IceCat's ghost, journeyman DrTm
Elf:1 cleared
Elf:2 cleared, exclusion: 2 downstairs, Roxanne
Elf:3 3 runed doors, otherwise cleared, DeShaeron's ghost, adept GrFi
Vaults:1 3 runed doors, otherwise cleared, Luyjis's ghost, master GrGl
Vaults:2 cleared, exclusion: downstairs
Vaults:3 cleared
Vaults:4 cleared
Vaults:5 cleared
Depths:1 otherwise cleared, exclusion: orange crystal statue
Depths:2 cleared
Depths:3 cleared, exclusion: downstairs
Depths:4 cleared
Depths:5 cleared
Zot:1 cleared
Zot:2 3 runed doors, otherwise cleared, Mautaliotz's ghost, veteran MfGl
Zot:3 cleared
Zot:4 cleared
Zot:5 3 runed doors, exclusions: obsidian statue and orange crystal statue, Sergey's ghost, veteran DDFi; Trobe's ghost, legendary MiFi

####..^###..............
##))..##.............
###.................
#▓▓▓▓▓▓▓▓▓▓▓##....
▓▓▓▓.............
##▓................
#..................
............X......
...........@.......
.........%.........
......X......q.....
......X......d.......
...........*.X.......
......p..*.XX..p.....
.........§§*d.dd.....
.....................
▓....................


You could see 3 orbs of fire, 2 Killer Klowns, 2 draconians, a green draconian,
a white draconian, 6 Orb Guardians and a yellow draconian annihilator.


Message History

The Orb Guardian is moderately wounded.
Your surroundings seem slightly different.
An Orb Guardian comes into view.
An Orb Guardian comes into view.
The black draconian breathes lightning at you.
The bolt of lightning misses you.
You feel a strong urge to attack something.
The Killer Klown blinks!
Your aura of abjuration expires.
The orb of fire glows bright magenta.
Strange energies course through your body.
Your body twists and deforms.
You feel your anger nearly subside.
You are no longer berserk.
You pass out from exhaustion.
You feel yourself slow down. The Orb Guardian hits you!
* * * LOW HITPOINT WARNING * * *
The black draconian breathes lightning at you.
The bolt of lightning hits the black draconian.
The black draconian completely resists.
Helpless, you fail to dodge the bolt of lightning.
You resist.
* * * LOW HITPOINT WARNING * * *
The Killer Klown pulls ten torches off its hat and starts juggling.
The Orb Guardian is struck by your spines.
The Orb Guardian hits you but does no damage.
The Killer Klown blinks!
The Orb Guardian hits you!!
You die...

Action                   |  1- 3 |  4- 6 |  7- 9 | 10-12 | 13-15 | 16-18 | 19-21 | 22-24 | 25-27 || total
-------------------------+-------+-------+-------+-------+-------+-------+-------+-------+-------++-------
Melee: Hand axe          |    43 |       |       |       |       |       |       |       |       ||    43
       Club              |     2 |       |       |       |       |       |       |       |       ||     2
       Short sword       |     2 |    30 |       |       |       |       |       |       |       ||    32
       Trident           |       |       |    86 |    85 |   212 |     2 |       |       |       ||   385
       Falchion          |       |       |    11 |       |       |       |       |       |       ||    11
       Long sword        |       |       |     8 |     2 |       |       |       |       |       ||    10
       Staff             |       |       |       |   141 |   519 |   536 |   472 |   580 |   129 ||  2377
       Rapier            |       |       |       |       |     3 |     4 |       |       |       ||     7
       Kick              |       |       |       |       |       |    71 |   142 |   207 |    40 ||   460
 Cast: Flame Tongue      |    63 |   142 |   249 |   407 |    14 |       |       |       |       ||   875
       Conjure Flame     |       |     2 |    16 |    23 |    32 |       |       |       |       ||    73
       Throw Flame       |       |       |     9 |    57 |   173 |   110 |       |       |       ||   349
       Sticky Flame      |       |       |     7 |    85 |   178 |   153 |   109 |    53 |       ||   585
       Iskenderun's Myst |       |       |       |     8 |    81 |   132 |   110 |   225 |   127 ||   683
       Fireball          |       |       |       |       |   121 |   199 |   133 |   177 |   168 ||   798
       Sublimation of Bl |       |       |       |       |    49 |   190 |    94 |   284 |   219 ||   836
       Regeneration      |       |       |       |       |    17 |   106 |    63 |   128 |   104 ||   418
       Dazzling Spray    |       |       |       |       |     2 |     5 |       |     2 |       ||     9
       Force Lance       |       |       |       |       |     1 |     6 |     2 |    50 |   128 ||   187
       Aura of Abjuratio |       |       |       |       |       |       |     7 |    18 |     5 ||    30
       Bolt of Fire      |       |       |       |       |       |       |       |    90 |    15 ||   105
       Irradiate         |       |       |       |       |       |       |       |     6 |     5 ||    11
       Spellforged Servi |       |       |       |       |       |       |       |    20 |    59 ||    79
       Ignition          |       |       |       |       |       |       |       |       |    18 ||    18
       Orb of Destructio |       |       |       |       |       |       |       |       |    35 ||    35
Invok: Divine Energy     |       |       |       |     1 |       |       |       |       |       ||     1
       Channel Magic     |       |       |       |       |       |       |       |     1 |     7 ||     8
       Forget Spell      |       |       |       |       |       |       |       |     1 |       ||     1
 Abil: Stop Flying       |       |       |       |       |     1 |       |       |       |       ||     1
       Evoke Flight      |       |       |       |       |     1 |       |       |       |       ||     1
Evoke: Lightning rod     |       |       |       |     1 |       |     4 |       |       |       ||     5
       Fan of gales      |       |       |       |     1 |       |       |       |       |       ||     1
       Crystal ball of e |       |       |       |       |       |     5 |     1 |     4 |     1 ||    11
  Use: Scroll            |       |    10 |     4 |    11 |     9 |    12 |     9 |     9 |     7 ||    71
       Potion            |       |       |       |       |       |     7 |     1 |     3 |    13 ||    24
 Stab: Sleeping          |       |     2 |       |     1 |       |       |       |       |       ||     3
       Distracted        |       |       |       |       |       |       |       |     2 |     4 ||     6
  Eat: Chunk             |     2 |     9 |    14 |    30 |    53 |    26 |    27 |    39 |    31 ||   231
       Ration            |       |       |     1 |       |       |     5 |       |     2 |     3 ||    11
Armor: Robe              |    31 |    30 |    36 |    87 |    33 |       |       |       |       ||   217
       Ring mail         |       |       |       |       |   151 |   412 |   154 |   293 |   130 ||  1140
       Troll leather arm |       |       |       |       |       |     1 |       |       |       ||     1
Dodge: Dodged            |    77 |    59 |   153 |   299 |   451 |   501 |   254 |   338 |   169 ||  2301
Block: Buckler           |       |       |       |       |    87 |   232 |     6 |       |       ||   325
       Shield            |       |       |       |       |       |       |   308 |   478 |   236 ||  1022
       Rpst.: Falchion   |       |     3 |    21 |       |       |       |       |       |       ||    24
       Long sword        |       |       |    10 |     9 |       |       |       |       |       ||    19

Vault maps used:
D:1:      ldierk_water_garden
D:2:      minmay_roachtagon, nicolae_dithmenos_shadow_blocks, first_ration,
          uniq_natasha
D:3:      uniq_crazy_yiuf_cottage
D:4:      gammafunk_temple_overflow_forgotten, palyth_stone_intersect,
          grunt_ministairs_2, uniq_duvessa, uniq_robin
D:5:      tgw_kikubaaqudgha
D:6:      minmay_temple_entry_statues_fountains, ebering_ghost_sewer_f,
          kennysheep_another_room, kennysheep_generic_room_7, uniq_sigmund
D:7:      uniq_menkaure
D:8:      minmay_the_grid_triangle_9x9_recursive_2, led_sif_pool,
          uniq_prince_ribbit1, uniq_erica, uniq_harold
D:9:      minitemple, orc_0_dummy
D:10:     serial_shops, kennysheep_little_box, uniq_josephine
D:11:     david_lair_generic, hellmonk_ghost_happy_afterlife,
          grunt_qazlal_clouds
D:13:     david_vaults_3, uniq_snorg
D:14:     hangedman_decor_lopped
D:15:     grunt_enter_depths_snipers, gammafunk_ghost_fury_of_okawaru,
          roderic_lattice_a
Temple:   eino_temple_water
Lair:1:   lightli_volcano_entry_magma_tube, uniq_nergalle
Lair:2:   nicolae_swamp_entry_splash_gauntlet, basic_altar, worms_lemuel,
          lemuel_fruit_fields
Lair:3:   kb_forest_paths, minmay_snake_entry_six_corridors, wad_woods_river_02
Lair:4:   roderic_carrion_pond, grunt_megastairs_2
Lair:5:   lemuel_fruit_fields, grunt_megastairs_3, uniq_kirke
Lair:6:   cheibrodos_lair_end_hotspot, slime_dummy, serial_bayou_shore_b,
          serial_bayou_shore_b
Swamp:1:  hangedman_swamp_ruin_wall, st_shrine_of_shade,
          infiniplex_staircase_pool
Swamp:2:  evilmike_swamp_ruin_house_4
Swamp:3:  cheibrodos_swamp_heart_of_darkness, evilmike_swamp_ruin_house_3
Swamp:4:  swamp_old_school, swamp_pool3
Snake:1:  uniq_nikola
Snake:2:  uniq_saint_roka, uniq_vashnia
Snake:3:  serial_shops, nicolae_shop_waterfront, shop, eino_curves_03,
          minmay_shop_grove
Snake:4:  grunt_snake_rune_pools, serial_bayou_lake_a
Orc:1:    basic_altar, gammafunk_ghost_necromancy
Orc:2:    grunt_orc_gardens, grunt_orc_garden, grunt_orc_garden,
          grunt_orc_garden, grunt_orc_garden, gammafunk_ghost_stat_death,
          nicolae_orc_crystal_geode
Elf:1:    minmay_elf_arrival_summoners, minmay_elf_annihilation
Elf:2:    serial_shops, shop, uniq_roxanne
Elf:3:    minmay_elf_hall, ebering_ghost_rock_garden, serial_shops,
          nicolae_shop_trees, dk_noncrumbling_4, laboratory
Vaults:1: gammafunk_vaults_ghost_spectres, ontoclasm_vaults_loading_screen,
          nicolae_vaults_little_squares_1, nicolae_vaults_border_crossing,
          vaults_mumra_chevron_long, vaults_mumra_hexcomb, ontoclasm_vaults_eye,
          vaults_room_grunt_arrival_ludios, nicolae_vaults_little_squares_6
Vaults:2: vaults_dpeg_cross, minmay_crypt_entry_simple_sparse, v_pattern_3,
          vaults_room_fancy_cross, ontoclasm_vaults_spin, vaults_dpeg_diagonal,
          v_alt_pattern_6, vaults_mumra_chevron, ontoclasm_vaults_chip,
          nicolae_vaults_rhombus_6, basic_altar
Vaults:3: ontoclasm_vaults_decontamination, nicolae_vaults_minivaults,
          v_rooms_4, nicolae_vaults_what_the_h, nicolae_vaults_big_ls,
          ontoclasm_vaults_twist, vaults_standard_mumra_enter_the_diamond,
          dpeg_vaults_monster_box, serial_ice_b,
          nicolae_vaults_disjoint_gnomons, v_misc_23,
          nicolae_vaults_little_squares_5, nicolae_vaults_little_squares_2,
          v_misc_23, v_misc_16
Vaults:4: v_misc_32, vaults_dpeg_spiral, nicolae_vaults_network_periphery,
          nicolae_vaults_network_barrier, nicolae_vaults_network_quinsquares,
          nicolae_vaults_little_squares_4, vaults_mumra_lcd,
          vaults_room_guarded_vault, serial_ice_g, vaults_dpeg_ring
Depths:1: enter_ziggurat_b, hell_entry, patterned_corridor,
          minmay_splitting_lines, minmay_protected_statue, minmay_shoptagon,
          serial_bayou_shore_b, uniq_sojobo
Depths:2: constructs_gauntlet_mu_hangedman, hell_entry, minmay_strange_pillars,
          abyss_entry, serial_shops, nicolae_shop_stone,
          infiniplex_staircase_pool_2
Depths:3: evilmike_hourglass, hell_entry, rand_demon_pan_entry_1,
          tso_metal_star, infiniplex_staircase_spiral, uniq_xtahua
Depths:4: hangedman_arch_fort, hell_entry, serial_shops, shop_fountains,
          abyss_entry, serial_bayou_shore_b, kennysheep_generic_room_4,
          infiniplex_staircase_zigzag_3, uniq_frederick, uniq_mennas
Depths:5: grunt_zot_entry_tricorne, lightli_too_deep, nicolae_twisting_strands
Zot:2:    ebering_ghost_rock_garden, st_stairs_8
Zot:4:    ebering_ghost_gozag, hangedman_zot_decor_unnerving_road
Zot:5:    gammafunk_ghost_cemetery
Abyss:5:  evilmike_abyss_exit_14, guppyfry_abyss_exit_imp_island,
          evilmike_nicolae_abyss_rune_containment_curve, minivault_22,
          hangedman_abyss_or_decor_stabs
Volcano:  volcano_aerie

Notes
Turn   | Place    | Note
-------+----------+-------------------------------------------
     0 | D:1      | Lucifer the Demonspawn Fire Elementalist began the quest
                  | for the Orb.
     0 | D:1      | Reached XP level 1. HP: 13/13 MP: 3/3
   215 | D:1      | Gained mutation: Your flesh is cold resistant. (rC+)
                  | [demonic ancestry]
   215 | D:1      | Reached XP level 2. HP: 14/20 MP: 0/5
   306 | D:1      | Reached skill level 2 in Stealth
   332 | D:1      | Reached skill level 2 in Dodging
   729 | D:1      | Gained mutation: You are partially covered in iridescent
                  | scales. (AC +2) [demonic ancestry]
   729 | D:1      | Reached XP level 3. HP: 25/25 MP: 4/6
   947 | D:2      | Reached skill level 1 in Fighting
   958 | D:2      | Reached skill level 3 in Fire Magic
  1209 | D:2      | Reached skill level 2 in Conjurations
  1236 | D:2      | Reached XP level 4. HP: 32/32 MP: 0/7
  1501 | D:2      | Found a shadowy altar of Dithmenos.
  1526 | D:2      | Noticed Natasha
  1531 | D:2      | Reached skill level 2 in Fighting
  1533 | D:2      | Killed Natasha
  1533 | D:2      | Reached skill level 3 in Spellcasting
  1533 | D:2      | Gained mutation: You are mostly covered in iridescent
                  | scales. (AC +4) [demonic ancestry]
  1533 | D:2      | Reached XP level 5. HP: 14/38 MP: 0/9
  1604 | D:2      | Noticed Natasha
  1612 | D:2      | Killed Natasha
  1846 | D:2      | Noticed Natasha
  1850 | D:2      | Killed Natasha
  1850 | D:2      | Reached skill level 3 in Conjurations
  1948 | D:2      | Reached skill level 3 in Fighting
  2206 | D:3      | Found a runed door.
  2534 | D:3      | Noticed a centaur
  2543 | D:3      | Killed a centaur
  2543 | D:3      | Reached skill level 4 in Conjurations
  2543 | D:3      | Reached XP level 6. HP: 45/47 MP: 4/10
  3467 | D:4      | Noticed Robin
  3908 | D:4      | Noticed Dowan
  4071 | D:4      | Learned a level 3 spell: Conjure Flame
  4077 | D:4      | Killed Robin
  4228 | D:4      | Reached skill level 3 in Dodging
  4302 | D:4      | Reached XP level 7. HP: 53/53 MP: 3/11
  4303 | D:4      | Reached skill level 4 in Fighting
  4399 | D:4      | Learned a level 2 spell: Throw Flame
  4434 | D:4      | Found a hazy altar of Hepliaklqana.
  4440 | D:4      | Found an ancient bone altar of Kikubaaqudgha.
  4463 | D:4      | Found an opulent altar of Gozag.
  4639 | D:4      | Noticed Duvessa
  4731 | D:4      | Killed Duvessa
  4731 | D:4      | Reached skill level 4 in Fire Magic
  5202 | D:4      | Found a hazy altar of Hepliaklqana.
  5208 | D:4      | Found an ancient bone altar of Kikubaaqudgha.
  5273 | D:4      | Found an opulent altar of Gozag.
  5320 | D:4      | Killed Dowan
  5343 | D:5      | Entered Level 5 of the Dungeon
  5364 | D:5      | Reached skill level 5 in Conjurations
  5446 | D:5      | Reached skill level 5 in Fighting
  5549 | D:5      | Found an ancient bone altar of Kikubaaqudgha.
  5550 | D:5      | Noticed a human
  5552 | D:5      | Killed a human
  5806 | D:4      | Gained mutation: You are partially covered in sharp spines.
                  | [demonic ancestry]
  5806 | D:4      | Reached XP level 8. HP: 62/62 MP: 1/13
  6093 | D:5      | Found an ancient bone altar of Kikubaaqudgha.
  6144 | D:5      | Reached skill level 4 in Spellcasting
  6252 | D:6      | Noticed Sigmund
  6381 | D:6      | Reached skill level 4 in Dodging
  6572 | D:6      | Reached skill level 5 in Fire Magic
  6589 | D:6      | Found a staircase to the Ecumenical Temple.
  6606 | Temple   | Entered the Ecumenical Temple
  6979 | D:6      | Reached skill level 6 in Conjurations
  7138 | D:6      | Found a runed door.
  7165 | D:6      | Noticed loom's ghost (novice GnSk)
  7209 | D:6      | Reached skill level 5 in Dodging
  7220 | D:6      | Found a runed door.
  7396 | D:6      | Reached XP level 9. HP: 67/68 MP: 9/15
  7520 | D:7      | Reached skill level 6 in Fighting
  7526 | D:7      | Learned a level 4 spell: Sticky Flame
  7760 | D:7      | Reached skill level 5 in Spellcasting
  7962 | D:7      | Noticed Menkaure
  7967 | D:7      | Killed Menkaure
  8001 | D:7      | Reached skill level 7 in Conjurations
  8431 | D:8      | Reached skill level 6 in Fire Magic
  8518 | D:7      | Reached skill level 6 in Spellcasting
  8743 | D:8      | Reached skill level 7 in Spellcasting
  8893 | D:8      | Gained mutation: You are immune to freezing clouds.
                  | [demonic ancestry]
  8893 | D:8      | Reached XP level 10. HP: 76/76 MP: 1/20
  9014 | D:8      | Noticed Prince Ribbit
  9053 | D:8      | Killed Prince Ribbit
  9078 | D:8      | Reached skill level 6 in Dodging
  9083 | D:8      | Noticed a gargoyle
  9242 | D:8      | Noticed Harold
  9301 | D:8      | Killed Harold
  9301 | D:8      | Reached skill level 8 in Fighting
  9360 | D:8      | Got a brightly glowing robe
  9371 | D:8      | Identified the cursed +1 robe "Oxuxtep" {rPois Stlth+} (You
                  | took it off a crimson imp on level 8 of the Dungeon)
  9453 | D:8      | Killed a gargoyle
  9532 | D:8      | Found a deep blue altar of Sif Muna.
  9538 | D:8      | Became a worshipper of Sif Muna the Loreminder
  9594 | D:8      | Noticed Erica
  9620 | D:8      | Reached skill level 8 in Conjurations
  9662 | D:8      | Noticed a rakshasa
  9723 | D:8      | Found the +3 Elemental Staff {rElec rF++ rC++ MR++ AC+5}
  9744 | D:8      | Learned a level 4 spell: Iskenderun's Mystic Blast
  9922 | D:3      | Noticed Crazy Yiuf
  9926 | D:3      | Killed Crazy Yiuf
 10072 | D:6      | Killed Sigmund
 10261 | D:9      | Reached skill level 7 in Fire Magic
 10458 | D:9      | Reached skill level 1 in Staves
 10584 | D:9      | Reached * piety under Sif Muna
 10596 | D:9      | Gained mutation: You have large cloven feet. [demonic
                  | ancestry]
 10596 | D:9      | Reached XP level 11. HP: 86/86 MP: 12/21
 10854 | D:9      | Reached skill level 2 in Staves
 10939 | D:9      | Reached skill level 9 in Conjurations
 10945 | D:9      | Found a shattered altar of Ashenzari.
 10952 | D:9      | Found a blossoming altar of Fedhas.
 10952 | D:9      | Found a stormy altar of Qazlal.
 11021 | D:9      | Found a staircase to the Orcish Mines.
 11267 | D:10     | Entered Level 10 of the Dungeon
 11268 | D:10     | Noticed Josephine
 11277 | D:10     | Killed Josephine
 11277 | D:10     | Reached skill level 3 in Staves
 11288 | D:10     | Reached skill level 4 in Staves
 11722 | D:10     | Reached skill level 5 in Staves
 12097 | D:10     | Reached skill level 6 in Staves
 12260 | D:10     | Found Vuulyczo's Magic Scroll Emporium.
 12265 | D:10     | Bought a scroll of enchant armour for 120 gold pieces
 12265 | D:10     | Bought a scroll of identify for 32 gold pieces
 12265 | D:10     | Bought a scroll of identify for 32 gold pieces
 12461 | D:11     | Noticed a white ugly thing
 12549 | Orc:1    | Entered Level 1 of the Orcish Mines
 12812 | Orc:1    | Noticed an orc knight
 12829 | Orc:1    | Noticed an orc sorcerer
 12841 | D:9      | Killed an orc knight
 12841 | D:9      | Reached skill level 7 in Dodging
 12958 | Orc:1    | Killed an orc sorcerer
 13024 | Orc:1    | Found a runed gate.
 13025 | Orc:1    | Found a runed gate.
 13026 | Orc:1    | Found a runed gate.
 13047 | Orc:1    | Noticed topfpfpflanze's ghost (journeyman DsNe)
 13076 | Orc:2    | Entered Level 2 of the Orcish Mines
 13093 | Orc:2    | Found a transporter.
 13099 | Orc:1    | Noticed a two-headed ogre
 13115 | Orc:2    | Killed a two-headed ogre
 13115 | Orc:2    | Reached skill level 9 in Fighting
 13124 | Orc:1    | Found a roughly hewn altar of Beogh.
 13427 | Orc:2    | Noticed an orc warlord
 13429 | Orc:2    | Noticed an orc knight
 13703 | Orc:1    | Killed an orc warlord
 13703 | Orc:1    | Reached ** piety under Sif Muna
 13703 | Orc:1    | Reached skill level 8 in Fire Magic
 13703 | Orc:1    | Gained mutation: You are completely covered in iridescent
                  | scales. (AC +6) [demonic ancestry]
 13703 | Orc:1    | Reached XP level 12. HP: 63/95 MP: 13/22
 13879 | Orc:2    | Noticed IceCat's ghost (journeyman DrTm)
 13923 | Orc:2    | Found a transporter.
 13951 | Orc:2    | Reached skill level 9 in Fire Magic
 14045 | Orc:2    | Noticed an orc high priest
 14059 | Orc:2    | Killed an orc high priest
 14349 | Orc:1    | Reached skill level 8 in Spellcasting
 14735 | Orc:1    | Reached skill level 7 in Staves
 14922 | Orc:2    | Found Xelecer's General Store.
 14933 | Orc:2    | Found Mylan's Book Emporium.
 14933 | Orc:2    | Noticed an orc high priest
 14943 | Orc:2    | Killed an orc high priest
 15047 | Orc:1    | Reached skill level 8 in Dodging
 15129 | Orc:2    | Found Ilurerakk's Antique Weapon Emporium.
 15155 | Orc:2    | Found Egaomaloss's Antique Armour Boutique.
 15320 | Orc:2    | Found a staircase to the Elven Halls.
 15322 | Orc:2    | Noticed an orc high priest
 15330 | Orc:2    | Killed an orc high priest
 15600 | D:11     | Noticed a two-headed ogre
 15613 | D:11     | Killed a two-headed ogre
 15639 | D:11     | Reached *** piety under Sif Muna
 15828 | D:11     | Found a runed door.
 15829 | D:11     | Noticed Morbidden's ghost (journeyman TeAE)
 15857 | D:11     | Reached skill level 8 in Staves
 15904 | D:11     | Reached skill level 9 in Spellcasting
 16129 | D:11     | Found a staircase to the Lair.
 16179 | D:11     | Reached skill level 1 in Invocations
 16188 | D:11     | Reached skill level 2 in Invocations
 16298 | D:11     | Got a pair of brightly glowing boots
 16309 | D:11     | Identified the +1 pair of boots "Feyhereq" {rElec Slay+2}
                  | (You found it on level 11 of the Dungeon)
 16476 | D:11     | Gained mutation: You have hoof-like feet. [demonic
                  | ancestry]
 16476 | D:11     | Reached XP level 13. HP: 101/101 MP: 19/26
 16516 | D:11     | Found a stormy altar of Qazlal.
 16595 | D:11     | Learned a level 5 spell: Fireball
 16613 | D:12     | Reached skill level 3 in Invocations
 16810 | D:12     | Reached skill level 4 in Invocations
 17301 | D:13     | Found a gate to the Vaults.
 17301 | D:13     | Noticed Rupert
 17309 | D:12     | Reached skill level 10 in Conjurations
 17436 | D:13     | Reached skill level 5 in Invocations
 17528 | D:13     | Reached **** piety under Sif Muna
 17792 | D:13     | Reached skill level 6 in Invocations
 17875 | D:13     | Killed Rupert
 17875 | D:13     | Reached skill level 7 in Invocations
 17962 | D:13     | Reached skill level 10 in Spellcasting
 18111 | D:13     | Reached skill level 8 in Invocations
 18276 | D:13     | Reached skill level 1 in Shields
 18286 | D:13     | Noticed Snorg
 18298 | D:13     | Learned a level 3 spell: Dazzling Spray
 18315 | D:13     | Learned a level 4 spell: Force Lance
 18556 | D:8      | Killed Erica
 18556 | D:8      | Reached skill level 2 in Shields
 18556 | D:8      | Reached skill level 1 in Hexes
 18556 | D:8      | Reached skill level 1 in Translocations
 18665 | D:6      | Killed loom's ghost
 18837 | D:11     | Killed Morbidden's ghost
 18837 | D:11     | Reached skill level 9 in Invocations
 18880 | Lair:1   | Entered Level 1 of the Lair of Beasts
 18902 | Lair:1   | Reached skill level 2 in Hexes
 18931 | Lair:1   | Reached skill level 2 in Translocations
 18944 | Lair:1   | Reached skill level 3 in Shields
 18967 | Lair:1   | Found a dark tunnel.
 18990 | Volcano  | Entered a volcano
 19169 | Volcano  | Reached skill level 3 in Hexes
 19244 | Volcano  | Reached skill level 3 in Translocations
 19542 | Volcano  | Reached XP level 14. HP: 92/108 MP: 0/28
 19865 | Lair:1   | Got a twisted ring mail
 19876 | Lair:1   | Identified the +5 ring mail of the Pure Gods {*Slow Int+10}
                  | (You found it on level 1 of the Lair of Beasts)
 19896 | Lair:1   | Noticed Nergalle
 19900 | Lair:1   | Killed Nergalle
 20654 | Lair:2   | Reached skill level 9 in Dodging
 20664 | Lair:2   | Found a bloodstained altar of Trog.
 20844 | Lair:2   | Reached skill level 4 in Shields
 21534 | Lair:2   | Reached ***** piety under Sif Muna
 21534 | Lair:2   | Reached skill level 5 in Shields
 21621 | Lair:2   | Got an iridescent trident
 21662 | Lair:2   | Identified the cursed +1 trident "Nityrot" {protect, rF-
                  | Dex+6} (You found it on level 2 of the Lair of Beasts)
 21790 | Lair:2   | Received a gift from Sif Muna
 21796 | Lair:2   | Found a staircase to the Swamp.
 22066 | Lair:3   | Reached skill level 6 in Shields
 22074 | Lair:3   | Got a dazzling spear
 22075 | Lair:3   | Identified the +3 spear of the Gloaming {pain, +Inv} (You
                  | found it on level 3 of the Lair of Beasts)
 22146 | Lair:3   | Reached skill level 1 in Armour
 22218 | Lair:3   | Reached skill level 2 in Armour
 22575 | Lair:3   | Reached skill level 3 in Armour
 22659 | Lair:3   | Reached skill level 4 in Armour
 22751 | Lair:3   | Found a staircase to the Snake Pit.
 23248 | Lair:4   | Reached skill level 5 in Armour
 23815 | Lair:4   | Reached skill level 6 in Armour
 24115 | Lair:5   | Reached skill level 9 in Staves
 24200 | Lair:5   | Reached skill level 1 in Polearms
 24284 | Lair:5   | Noticed Kirke
 24422 | Lair:5   | Killed Kirke
 24422 | Lair:5   | Reached skill level 2 in Polearms
 25164 | Lair:6   | Entered Level 6 of the Lair of Beasts
 25286 | Lair:6   | Reached skill level 10 in Fighting
 25431 | Lair:6   | Reached XP level 15. HP: 97/115 MP: 29/29
 25640 | Lair:6   | Found a staircase to the Slime Pits.
 26125 | Lair:6   | Reached skill level 11 in Conjurations
 26754 | Lair:6   | Identified Kugeh's Catalogue of Cloudy Battle Magic (Sif
                  | Muna gifted it to you on level 6 of the Lair of Beasts)
 26754 | Lair:6   | Received a gift from Sif Muna
 26759 | Lair:6   | Found a large runed door.
 26759 | Lair:6   | Found a large runed door.
 27326 | D:13     | Killed Snorg
 27326 | D:13     | Reached skill level 10 in Fire Magic
 27767 | D:14     | Got a crystal hand axe
 28252 | D:15     | Entered Level 15 of the Dungeon
 28325 | D:15     | Learned a level 2 spell: Sublimation of Blood
 28329 | D:15     | Learned a level 3 spell: Regeneration
 28381 | D:15     | Found a staircase to the Depths.
 28381 | D:15     | Noticed a frost giant
 28393 | D:15     | Killed a frost giant
 28393 | D:15     | Reached skill level 1 in Necromancy
 28414 | D:15     | Reached skill level 1 in Charms
 28467 | D:15     | Reached skill level 11 in Spellcasting
 28467 | D:15     | Reached skill level 2 in Necromancy
 28572 | D:15     | Reached skill level 2 in Charms
 28614 | D:15     | Reached skill level 3 in Necromancy
 28735 | D:15     | Found a runed gate.
 28735 | D:15     | Found a runed gate.
 28735 | D:15     | Found a runed gate.
 28735 | D:15     | Noticed a frost giant
 28735 | D:15     | Noticed OdinFK's ghost (journeyman FoVM)
 28736 | D:15     | Found an iron altar of Okawaru.
 28788 | D:15     | Reached skill level 3 in Charms
 28817 | D:15     | Reached skill level 4 in Necromancy
 29400 | Swamp:1  | Entered Level 1 of the Swamp
 29402 | Swamp:1  | Identified Sif Muna's Incunabulum of the Boar (Sif Muna
                  | gifted it to you on level 1 of the Swamp)
 29402 | Swamp:1  | Received a gift from Sif Muna
 29402 | Swamp:1  | Reached skill level 4 in Charms
 29441 | Lair:2   | Reached skill level 5 in Necromancy
 29482 | Swamp:1  | Got an iridescent rapier {flame}
 29483 | Swamp:1  | Identified the +6 rapier of Oozing Pus {flame, rPois rN+}
                  | (You took it off a spriggan on level 1 of the Swamp)
 29766 | Swamp:1  | Reached skill level 5 in Charms
 29766 | Swamp:1  | Reached skill level 6 in Necromancy
 29851 | Swamp:1  | Gained mutation: A meltable icy envelope protects you from
                  | harm. (AC +0) [demonic ancestry]
 29851 | Swamp:1  | Reached XP level 16. HP: 114/122 MP: 20/31
 29871 | Swamp:1  | Reached skill level 1 in Evocations
 30100 | Swamp:1  | Reached skill level 2 in Evocations
 30278 | Swamp:1  | Reached skill level 7 in Necromancy
 30284 | Swamp:1  | Reached skill level 3 in Evocations
 30564 | Swamp:1  | Reached skill level 4 in Evocations
 30615 | Swamp:2  | Reached skill level 5 in Evocations
 30839 | Swamp:2  | Reached skill level 6 in Evocations
 31351 | Swamp:3  | Reached skill level 7 in Evocations
 31603 | Swamp:3  | Noticed a thorn hunter
 31619 | Swamp:3  | Killed a thorn hunter
 31619 | Swamp:3  | Reached skill level 8 in Evocations
 32591 | Swamp:4  | Entered Level 4 of the Swamp
 32606 | Swamp:4  | Reached skill level 9 in Evocations
 32919 | Swamp:4  | Reached skill level 10 in Evocations
 32959 | Swamp:4  | Reached ****** piety under Sif Muna
 32959 | Swamp:4  | Identified Sif Muna's Handbook of Necromancy (Sif Muna
                  | gifted it to you on level 4 of the Swamp)
 32959 | Swamp:4  | Received a gift from Sif Muna
 33326 | Swamp:4  | Reached skill level 11 in Fighting
 33389 | Swamp:4  | Got a slimy cloak
 33400 | Swamp:4  | Identified the +2 cloak of the Hart {Dex+5} (You found it
                  | on level 4 of the Swamp)
 33545 | Swamp:4  | Gained mutation: You are mostly covered in sharp spines.
                  | [demonic ancestry]
 33545 | Swamp:4  | Reached XP level 17. HP: 101/131 MP: 2/32
 33670 | Swamp:4  | Noticed the 27-headed Lernaean hydra
 33680 | Swamp:4  | Killed the 27-headed Lernaean hydra
 33742 | Swamp:4  | Got a decaying rune of Zot
 34385 | Snake:1  | Entered Level 1 of the Snake Pit
 34385 | Snake:1  | Noticed Nikola
 34441 | Lair:3   | Killed Nikola
 34441 | Lair:3   | Reached skill level 10 in Dodging
 34707 | Snake:1  | Reached skill level 12 in Conjurations
 35077 | Snake:2  | Noticed Saint Roka
 35166 | Snake:1  | Killed Saint Roka
 35309 | Snake:2  | Reached skill level 11 in Fire Magic
 35688 | Snake:2  | Received a gift from Sif Muna
 35745 | Snake:2  | Reached skill level 13 in Conjurations
 36047 | Snake:2  | Noticed Vashnia
 36150 | Snake:2  | Killed Vashnia
 36695 | Snake:3  | Found Foixt's Food Shoppe.
 36770 | Snake:3  | Reached skill level 12 in Fire Magic
 36770 | Snake:3  | Gained mutation: You have hooves in place of feet. [demonic
                  | ancestry]
 36770 | Snake:3  | Reached XP level 18. HP: 138/138 MP: 19/33
 36998 | Snake:3  | Found Tawi's General Store.
 37008 | Snake:3  | Bought a scroll of identify for 32 gold pieces
 37008 | Snake:3  | Bought a scroll of identify for 32 gold pieces
 37008 | Snake:3  | Identified a scroll of acquirement
 37028 | Snake:3  | Found Sixa's Gadget Shoppe.
 37028 | Snake:3  | Found Ypepedu's Jewellery Boutique.
 37029 | Snake:3  | Found Quvy's Gadget Shoppe.
 37200 | Snake:4  | Entered Level 4 of the Snake Pit
 37475 | Snake:4  | Reached skill level 14 in Conjurations
 37640 | Snake:4  | Identified Sif Muna's Compendium of Confrontation and
                  | Displacement (Sif Muna gifted it to you on level 4 of the
                  | Snake Pit)
 37640 | Snake:4  | Received a gift from Sif Muna
 37998 | Snake:4  | Reached skill level 13 in Fire Magic
 38163 | Snake:4  | Reached skill level 12 in Fighting
 38204 | Snake:4  | Got a serpentine rune of Zot
 38589 | D:12     | Got bloodstained gold dragon scales
 38666 | Vaults:1 | Entered Level 1 of the Vaults
 38845 | Elf:1    | Entered Level 1 of the Elven Halls
 38896 | Orc:2    | Bought a book of Summonings for 1050 gold pieces
 38902 | Orc:2    | Learned a level 5 spell: Aura of Abjuration
 39085 | Vaults:1 | Reached skill level 1 in Summonings
 39189 | Vaults:1 | Reached skill level 2 in Summonings
 39298 | Vaults:1 | Found a runed gate.
 39298 | Vaults:1 | Found a runed gate.
 39298 | Vaults:1 | Found a runed gate.
 39298 | Vaults:1 | Noticed Luyjis's ghost (master GrGl)
 39347 | Vaults:1 | Reached skill level 3 in Summonings
 39357 | Vaults:1 | Reached skill level 12 in Spellcasting
 39458 | Vaults:1 | Reached skill level 4 in Summonings
 39463 | Vaults:1 | Identified Sif Muna's Grimoire of Nocuous Enhancements (Sif
                  | Muna gifted it to you on level 1 of the Vaults)
 39463 | Vaults:1 | Received a gift from Sif Muna
 39707 | Vaults:1 | Reached skill level 5 in Summonings
 39710 | Vaults:1 | Reached XP level 19. HP: 114/146 MP: 15/35
 39890 | Vaults:1 | Got a dazzling shield
 39901 | Vaults:1 | Identified the +4 shield of the Lair of Beasts {Str-4 Int+5
                  | Slay+2} (You acquired it on level 1 of the Vaults)
 40184 | Vaults:1 | Reached skill level 6 in Summonings
 40546 | Vaults:2 | Reached skill level 7 in Shields
 40590 | Vaults:2 | Reached skill level 7 in Summonings
 40811 | Vaults:2 | Found a staircase to the Crypt.
 40942 | Vaults:2 | Reached skill level 8 in Shields
 41060 | Vaults:2 | Got an ancient diamond amulet
 41161 | Vaults:2 | Found a glowing silver altar of Zin.
 41172 | Vaults:2 | Reached skill level 8 in Summonings
 41924 | Vaults:3 | Reached skill level 9 in Shields
 41939 | Vaults:2 | Reached skill level 9 in Summonings
 42100 | Vaults:3 | Reached skill level 10 in Shields
 42112 | Vaults:3 | Identified Sif Muna's Guide on Harmful Creation (Sif Muna
                  | gifted it to you on level 3 of the Vaults)
 42112 | Vaults:3 | Received a gift from Sif Muna
 42672 | Vaults:3 | Reached XP level 20. HP: 143/153 MP: 19/36
 42675 | Vaults:3 | Reached skill level 11 in Shields
 42711 | Vaults:3 | Reached skill level 11 in Dodging
 42919 | Vaults:3 | Reached skill level 11 in Evocations
 43132 | D:12     | Identified the amulet of the Death Scarab {Faith rElec MP+9
                  | Str+4} (You took it off a yaktaur on level 2 of the Vaults)
 43551 | Vaults:3 | Reached skill level 15 in Conjurations
 44162 | Vaults:4 | Received a gift from Sif Muna
 44398 | Vaults:4 | Reached skill level 10 in Staves
 45748 | Elf:1    | Reached skill level 14 in Fire Magic
 45852 | Elf:1    | Reached skill level 11 in Staves
 45999 | Elf:1    | Reached XP level 21. HP: 130/159 MP: 3/37
 46018 | Elf:1    | Identified Ehoycua's Volume of Attacks
 46169 | Elf:1    | Identified 3 potions of resistance
 46644 | Elf:2    | Identified a potion of experience
 46645 | Elf:2    | Reached skill level 13 in Fighting
 46645 | Elf:2    | Gained mutation: You resist negative energy. (rN+) [demonic
                  | ancestry]
 46645 | Elf:2    | Reached XP level 22. HP: 169/169 MP: 38/38
 46663 | Elf:2    | Found the +8 longbow "Zephyr" {speed, Dex+3 SInv}
 46680 | Elf:2    | Found Puoshroot's Distillery.
 46740 | Elf:1    | Learned a level 6 spell: Bolt of Fire
 46776 | Elf:2    | Bought 2 potions of heal wounds for 140 gold pieces
 46776 | Elf:2    | Bought a potion of curing for 42 gold pieces
 46832 | Elf:2    | Got a transparent pewter amulet
 46833 | Elf:2    | Identified the amulet of Itwizouf {rF+ rN+++ Regen+ Str-3}
                  | (You took it off a deep elf mage on level 2 of the Elven
                  | Halls)
 46872 | Elf:2    | Noticed Roxanne
 47041 | Elf:2    | Reached skill level 12 in Evocations
 47048 | Elf:2    | Found a huge runed gate.
 47048 | Elf:2    | Found a huge runed gate.
 47048 | Elf:2    | Found a huge runed gate.
 47048 | Elf:2    | Found a huge runed gate.
 47054 | Elf:2    | Found a huge runed gate.
 47305 | Elf:2    | Received a gift from Sif Muna
 47710 | Elf:3    | Entered Level 3 of the Elven Halls
 47868 | Elf:3    | Found the +7 Kryia's mail coat {PotionHeal*2 rC+}
 47879 | Elf:3    | Got a twitching wooden ring
 47881 | Elf:3    | Identified the ring of Reteynao {Wiz Int+4} (You found it
                  | on level 3 of the Elven Halls)
 48041 | Elf:3    | Reached skill level 16 in Conjurations
 48124 | Elf:3    | Found a runed gate.
 48124 | Elf:3    | Found a runed gate.
 48124 | Elf:3    | Found a runed gate.
 48124 | Elf:3    | Noticed DeShaeron's ghost (adept GrFi)
 48174 | Elf:3    | Found Zokhly's Antique Weapon Emporium.
 48369 | Elf:3    | Identified Sif Muna's Collected Works on Damage Dealing
                  | (Sif Muna gifted it to you on level 3 of the Elven Halls)
 48369 | Elf:3    | Received a gift from Sif Muna
 48453 | Elf:3    | Reached skill level 15 in Fire Magic
 48775 | Elf:3    | Found the +8 frozen axe "Frostbite" {freezing cloud, *Noise
                  | +Fly rC+}
 48814 | Elf:3    | Got a shimmering scale mail
 48841 | Elf:3    | Identified the Tome of Hurtful Heat
 48902 | Elf:3    | Identified the Almanac of Dusty Conjuration
 49162 | D:12     | Identified the +3 scale mail "Xagaur" {rCorr Dex+7} (You
                  | found it on level 3 of the Elven Halls)
 49442 | Elf:3    | Got a fine golden ring
 49444 | Elf:3    | Identified the ring of Wuelao {EV+3 Dex+3} (You found it on
                  | level 3 of the Elven Halls)
 49453 | Elf:3    | Got a scintillating wooden ring
 49455 | Elf:3    | Identified the ring "Lubuy" {*Drain rElec rF++ MR+ Stlth+}
                  | (You found it on level 3 of the Elven Halls)
 49460 | Elf:3    | Identified Sif Muna's Reference Book on Ashen Flames
 49791 | D:12     | Learned a level 5 spell: Irradiate
 49897 | Depths:1 | Entered Level 1 of the Depths
 49916 | D:15     | Reached skill level 1 in Transmutations
 49976 | D:15     | Reached skill level 2 in Transmutations
 50076 | Depths:1 | Found a gateway to Hell.
 50116 | Depths:1 | Reached skill level 17 in Conjurations
 50127 | Depths:1 | Reached skill level 3 in Transmutations
 50149 | Depths:1 | Found Zenod's Weapon Emporium.
 50149 | Depths:1 | Noticed Sojobo
 50161 | Depths:1 | Killed Sojobo
 50164 | Depths:1 | Gained mutation: You are somewhat able to resist unholy
                  | torments (1 in 2 success). [demonic ancestry]
 50164 | Depths:1 | Reached XP level 23. HP: 169/175 MP: 1/39
 50199 | Depths:1 | Found Zipiu's Armour Shoppe.
 50492 | Depths:1 | Identified Sif Muna's Almanac of Evil Secrets (Sif Muna
                  | gifted it to you on level 1 of the Depths)
 50492 | Depths:1 | Received a gift from Sif Muna
 50496 | Depths:1 | Found a gateway to a ziggurat.
 50922 | Depths:2 | Reached skill level 13 in Spellcasting
 51088 | Depths:2 | Reached skill level 12 in Shields
 51122 | Depths:2 | Found a one-way gate to the infinite horrors of the Abyss.
 51125 | Depths:2 | Found Astremnuv's General Store.
 51359 | Depths:2 | Reached skill level 12 in Dodging
 51752 | Depths:3 | Reached skill level 13 in Evocations
 52093 | Depths:3 | Got a translucent mace
 52229 | Depths:3 | Reached skill level 14 in Fighting
 52233 | Depths:3 | Reached skill level 14 in Evocations
 52289 | Depths:3 | Noticed Xtahua
 52299 | Depths:3 | Killed Xtahua
 52413 | Depths:3 | Found a glowing golden altar of the Shining One.
 52430 | Depths:3 | Reached XP level 24. HP: 185/185 MP: 34/40
 52481 | Depths:3 | Found a one-way gate leading to the halls of Pandemonium.
 53030 | Depths:4 | Identified Sif Muna's Papyrus of Ensnaring Confrontation
                  | (Sif Muna gifted it to you on level 4 of the Depths)
 53030 | Depths:4 | Received a gift from Sif Muna
 53044 | Depths:4 | Learned a level 7 spell: Spellforged Servitor
 53083 | Depths:4 | Got an iridescent rapier {protect}
 53153 | Depths:4 | Identified Sif Muna's Almanac of Dusty Changing
 53352 | Depths:4 | Noticed Frederick
 53355 | Depths:4 | Reached skill level 18 in Conjurations
 53363 | Depths:4 | Noticed Mennas
 53518 | Depths:4 | Cast into level 5 of the Abyss (the power of Zot)
 53518 | Abyss:5  | Entered Level 5 of the Abyss
 53594 | Abyss:5  | Gained mutation: Scrolls take you a little longer to read.
                  | [a neqoxec]
 53617 | Depths:4 | Escaped the Abyss
 53626 | Depths:4 | Reached skill level 16 in Fire Magic
 53789 | Depths:4 | Found Ybrygi's Book Shoppe.
 53857 | Depths:4 | Killed Mennas
 53917 | Depths:4 | Identified Sif Muna's Papyrus of the Supportive Rocks (Sif
                  | Muna gifted it to you on level 4 of the Depths)
 53917 | Depths:4 | Received a gift from Sif Muna
 53959 | Depths:4 | Killed Frederick
 54337 | Depths:5 | Entered Level 5 of the Depths
 54606 | Depths:5 | Reached skill level 17 in Fire Magic
 54783 | Depths:5 | Got a faintly glowing helmet
 54794 | Depths:5 | Identified the +0 helmet of the Pleiades {rF++ Str-2
                  | Slay+6} (You found it on level 5 of the Depths)
 55035 | Depths:5 | Found a gate to the Realm of Zot.
 55046 | Depths:5 | Received a gift from Sif Muna
 55489 | Depths:5 | Identified the +12 rapier of the Original Sin {protect,
                  | rC+} (You took it off a tengu reaver on level 4 of the
                  | Depths)
 55496 | Depths:5 | Identified the +7 mace "Woxirghu" {vamp, rElec Stlth+} (You
                  | found it on level 3 of the Depths)
 55756 | D:12     | Learned a level 8 spell: Ignition
 55885 | Depths:2 | Voluntarily entered the Abyss.
 55903 | Abyss:1  | Found an iron altar of Okawaru.
 55976 | Abyss:2  | Reached skill level 14 in Spellcasting
 56405 | Abyss:2  | Gained mutation: Your melee attacks may debilitate your
                  | foes. [demonic ancestry]
 56405 | Abyss:2  | Reached XP level 25. HP: 191/191 MP: 17/41
 56508 | Depths:2 | Escaped the Abyss
 56782 | Vaults:5 | Entered Level 5 of the Vaults
 56783 | Vaults:5 | Reached skill level 18 in Fire Magic
 56812 | Vaults:5 | Received a gift from Sif Muna
 57035 | Vaults:5 | Reached skill level 19 in Fire Magic
 57352 | Vaults:5 | Reached skill level 15 in Spellcasting
 57565 | Vaults:5 | Identified Sif Muna's Incunabulum of Flight and Calling
                  | (Sif Muna gifted it to you on level 5 of the Vaults)
 57565 | Vaults:5 | Received a gift from Sif Muna
 58563 | Vaults:5 | Found Gageuf's Weapon Boutique.
 58596 | Vaults:5 | Reached skill level 16 in Spellcasting
 58821 | Vaults:5 | Got a tattered robe
 58834 | Vaults:5 | Got a silver rune of Zot
 59042 | Vaults:5 | Identified the +0 robe of the Lute {Str+3} (You found it on
                  | level 5 of the Vaults)
 59498 | Zot:1    | Entered Level 1 of the Realm of Zot
 59520 | Zot:1    | Received a gift from Sif Muna
 59716 | Zot:1    | Reached XP level 26. HP: 192/198 MP: 17/43
 60053 | Zot:1    | Got a smoking quarterstaff
 60056 | Zot:1    | Identified the +8 quarterstaff "Geabin" {antimagic, Str+3}
                  | (You found it on level 1 of the Realm of Zot)
 60275 | Zot:2    | Noticed an orb of fire
 60282 | Zot:2    | Gained mutation: You have sharp fingernails. [an orb of
                  | fire]
 60286 | Zot:2    | Killed an orb of fire
 60286 | Zot:2    | Reached skill level 17 in Spellcasting
 60417 | Zot:2    | Found a runed gate.
 60417 | Zot:2    | Noticed Mautaliotz's ghost (veteran MfGl)
 60418 | Zot:2    | Found a runed gate.
 60418 | Zot:2    | Found a runed gate.
 60562 | Zot:2    | Reached skill level 13 in Shields
 61373 | Zot:3    | Reached skill level 14 in Shields
 61431 | Zot:3    | Learned a level 7 spell: Orb of Destruction
 62263 | Zot:4    | Found a runed gate.
 62264 | Zot:4    | Found an opulent altar of Gozag.
 62295 | Zot:4    | Reached skill level 15 in Shields
 63019 | Zot:4    | Found a runed gate.
 63019 | Zot:4    | Found a runed gate.
 63023 | Zot:4    | Found Laysiqi's Assorted Antiques.
 63028 | Zot:4    | Noticed Yluatiblyu's ghost (legendary OgBe)
 63084 | Zot:4    | Killed Yluatiblyu's ghost
 63445 | Zot:5    | Entered Level 5 of the Realm of Zot
 63530 | Zot:5    | Found a runed gate.
 63530 | Zot:5    | Found a runed gate.
 63530 | Zot:5    | Noticed Trobe's ghost (legendary MiFi)
 63531 | Zot:5    | Found a runed gate.
 63531 | Zot:5    | Noticed Sergey's ghost (veteran DDFi)
 63531 | Zot:5    | Noticed Sergey's ghost (veteran DDFi)
 63936 | Zot:5    | Identified Sif Muna's Grimoire of Cloudy Summoning (Sif
                  | Muna gifted it to you on level 5 of the Realm of Zot)
 63936 | Zot:5    | Received a gift from Sif Muna
 63987 | Zot:5    | Noticed an orb of fire
 63990 | Zot:5    | Gained mutation: You possess an exceptional clarity of
                  | mind. [an orb of fire]
 64025 | Zot:5    | Gained mutation: You have an increased reservoir of magic.
                  | (+10% MP) [an orb of fire]
 64027 | Zot:5    | Gained mutation: You are weak. (Str -2) [an orb of fire]
 64031 | Zot:5    | Gained mutation: You are frail. (-10% HP) [an orb of fire]
 64038 | Zot:5    | Killed an orb of fire
 64129 | Zot:5    | Noticed an ancient lich
 64133 | Zot:5    | Killed an ancient lich
 64138 | Zot:5    | Reached skill level 15 in Evocations
 64178 | Zot:5    | Noticed an orb of fire
 64211 | Zot:5    | Noticed an ancient lich
 64217 | Zot:5    | Killed an ancient lich
 64217 | Zot:5    | Gained mutation: You are completely covered in sharp
                  | spines. [demonic ancestry]
 64217 | Zot:5    | Reached XP level 27. HP: 183/183 MP: 15/49
 64225 | Zot:5    | Noticed an orb of fire
 64228 | Zot:5    | Gained mutation: Your body sometimes deteriorates upon
                  | taking damage. [an orb of fire]
 64230 | Zot:5    | Killed an orb of fire
 64329 | Zot:5    | Reached skill level 19 in Conjurations
 64442 | Zot:5    | Reached skill level 18 in Spellcasting
 64443 | Zot:5    | Noticed an orb of fire
 64444 | Zot:5    | Gained mutation: Potions are less effective at restoring
                  | your health. [an orb of fire]
 64464 | Zot:5    | Lost mutation: You are weak. (Str -2) [potion of mutation]
 64464 | Zot:5    | Lost mutation: Your body sometimes deteriorates upon taking
                  | damage. [potion of mutation]
 64464 | Zot:5    | Lost mutation: You are frail. (-10% HP) [potion of
                  | mutation]
 64464 | Zot:5    | Gained mutation: Scrolls take you longer to read. [potion
                  | of mutation]
 64464 | Zot:5    | Gained mutation: You expend magic power (3 MP) to
                  | strengthen your wands. [potion of mutation]
 64464 | Zot:5    | Gained mutation: Your system is resistant to poisons.
                  | (rPois) [potion of mutation]
 64469 | Zot:5    | Identified Mynn's Collected Works on the Harmful Snowflakes
                  | (Sif Muna gifted it to you on level 5 of the Realm of Zot)
 64469 | Zot:5    | Received a gift from Sif Muna
 64471 | Zot:5    | Killed an orb of fire
 64502 | Zot:5    | Noticed an orb of fire
 64503 | Zot:5    | Gained mutation: Your spells are a little easier to cast,
                  | but a little less powerful. [an orb of fire]
 64508 | Zot:5    | Noticed an orb of fire
 64514 | Zot:5    | Gained mutation: You occasionally shout uncontrollably at
                  | your foes. [an orb of fire]
 64514 | Zot:5    | HP: 20/204 [black draconian/trident (7)]
 64518 | Zot:5    | Gained mutation: Your body sometimes deteriorates upon
                  | taking damage. [an orb of fire]
 64524 | Zot:5    | Gained mutation: Armour fits poorly on your strangely
                  | shaped body. [an orb of fire]
 64525 | Zot:5    | HP: 14/204 [Orb Guardian (10)]
 64526 | Zot:5    | Mangled by an Orb Guardian

Vanquished Creatures
  The ghost of Yluatiblyu the Conqueror, a legendary OgBe of Trog (Zot:4)
  Mennas (Depths:4)
  2 ancient liches (Zot:5)
  4 orbs of fire
  Sojobo (Depths:1)
  Frederick (Depths:4)
  the Lernaean hydra (Swamp:4)
  3 Killer Klowns
  Saint Roka (Snake:1)
  Xtahua (Depths:3)
  2 curse toes
  Vashnia (Snake:2)
  Nikola (Lair:3)
  A bone dragon (Abyss:2)
  8 golden dragons
  An electric golem (Zot:1)
  8 tentacled monstrosities
  12 Orb Guardians (Zot:5)
  5 deep elf blademasters
  4 deep elf master archers (Elf:3)
  3 quicksilver dragons
  Rupert (D:13)
  2 liches (Depths:4)
  2 titans (Vaults:5)
  3 tentacled starspawn
  An Executioner (Abyss:1)
  A thorn hunter (Swamp:3)
  5 death cobs
  Kirke (Lair:5)
  2 sphinxes
  5 shadow dragons
  6 storm dragons
  10 tengu reavers
  6 nagarajas
  8 fire giants
  A draconian knight (Zot:5)
  2 ghost moths
  18 frost giants
  18 vault wardens
  3 iron dragons
  A balrug (Depths:5)
  2 ghouls (Swamp:1)
  A draconian scorcher (Zot:5)
  6 deep elf sorcerers
  An orc warlord (Orc:1)
  3 draconian shifters
  4 deep elf elementalists
  14 ironheart preservers
  A spriggan defender (Depths:4)
  A reaper (Abyss:5)
  30 very ugly things
  19 stone giants
  2 entropy weavers
  An entropy weaver (shapeshifter) (Vaults:5)
  3 war gargoyles
  3 black draconians
  4 vampire knights
  3 deep elf demonologists
  4 red draconians
  8 deep elf annihilators
  4 green draconians
  5 purple draconians
  2 spark wasps (Depths:4)
  2 white draconians
  4 yellow draconians
  2 jiangshi (Depths:3)
  An eidolon (Vaults:2)
  10 ettins
  5 deep elf death magi
  2 deep elf high priests (Elf:3)
  Snorg (D:13)
  9 great orbs of eyes
  11 yaktaur captains
  Josephine (D:10)
  7 fire dragons
  14 ice dragons
  Harold (D:8)
  32 vault guards
  9 rakshasas
  16 hydras
  4 spriggan air magi
  15 naga warriors
  Erica (D:8)
  3 ghost crabs (Swamp:4)
  4 death knights
  5 anacondas
  43 two-headed ogres
  14 ogre magi
  10 centaur warriors
  An anaconda (shapeshifter) (Depths:5)
  24 dancing weapons
  The ghost of Morbidden the Zephyrmancer, a journeyman TeAE of Okawaru (D:11)
  A death yak (Lair:6)
  22 alligators
  8 deep troll shamans
  2 vampire magi (Depths:3)
  4 orc high priests
  4 spriggan berserkers
  7 deep troll earth magi
  14 naga sharpshooters
  2 thrashing horrors (Abyss:5)
  25 deep elf knights
  2 sun demons (Depths:5)
  3 iron trolls
  3 shock serpents
  2 wretched stars
  2 skeletal warriors
  Nergalle (Lair:1)
  3 salamander mystics
  The ghost of loom the Charmwright, a novice GnSk of Okawaru (D:6)
  2 shadow wraiths
  An anaconda zombie (Abyss:2)
  A hell knight (Depths:5)
  12 swamp dragons (Swamp:4)
  21 deep trolls
  4 flayed ghosts
  2 golden dragon zombies (Depths:3)
  A spatial maelstrom (Abyss:5)
  2 unseen horrors (Vaults:1)
  A spriggan druid (Swamp:4)
  A shadow demon (Depths:3)
  15 sea snakes
  6 wizards
  5 naga ritualists
  An obsidian statue (Zot:4)
  6 glowing orange brains
  21 orc knights
  2 shambling mangroves
  4 phantasmal warriors
  3 lindwurms
  18 deep elf archers
  A wolf spider zombie (D:14)
  3 harpies (shapeshifter)
  6 necromancers
  A stone giant zombie (Depths:3)
  62 deep elf magi
  11 ironbrand convokers
  13 mana vipers
  2 manticores
  6 wolf spiders
  5 orc sorcerers
  2 moths of wrath (shapeshifter)
  11 salamanders
  A sphinx skeleton (Depths:3)
  A tengu skeleton (Vaults:4)
  4 cyclopes
  9 elephants
  3 centaur zombies
  28 black mambas
  38 ugly things
  A frost giant skeleton (Vaults:4)
  15 vault sentinels
  11 guardian serpents
  10 naga magi
  An apocalypse crab (Abyss:2)
  A fire giant skeleton (Abyss:2)
  An eye of devastation (shapeshifter) (Depths:1)
  A titan simulacrum (Depths:2)
  12 moths of wrath
  4 molten gargoyles
  2 toenail golems (Volcano)
  2 orange demons
  A rust devil (Depths:3)
  4 smoke demons
  9 gargoyles
  20 spiny frogs
  2 torpor snails
  A rime drake (shapeshifter) (Elf:2)
  A spiny frog (shapeshifter) (Vaults:4)
  2 kobold demonologists (D:14)
  7 large abominations
  A rime drake (Lair:6)
  4 efreet
  11 komodo dragons
  45 yaktaurs
  10 freezing wraiths
  2 redback zombies
  An ancient zyme (Abyss:2)
  A jumping spider (Vaults:3)
  13 trolls
  3 tengu conjurers
  17 hornets
  Prince Ribbit (D:8)
  15 tyrant leeches
  5 polar bears
  3 raiju (Abyss:2)
  19 bog bodies
  A fire dragon zombie (Depths:1)
  9 blink frogs
  A frost giant simulacrum (Abyss:2)
  14 small abominations
  7 dream sheep (Lair:4)
  A blink frog (shapeshifter) (Vaults:2)
  26 slime creatures
  2 stone giant simulacra
  8 hippogriffs
  A spriggan (shapeshifter) (Vaults:1)
  Sigmund (D:6)
  An air elemental (Elf:3)
  A spriggan skeleton (Depths:2)
  An ettin skeleton (Vaults:4)
  A fire giant simulacrum (Vaults:3)
  3 redbacks (Vaults:3)
  An ice dragon skeleton (Depths:1)
  4 water elementals
  10 shadows
  10 wraiths
  A ynoxinul (Abyss:2)
  19 spriggans
  44 yaks
  8 basilisks
  A tarantella (shapeshifter) (D:15)
  6 wyverns
  16 humans
  A hog (shapeshifter) (Vaults:1)
  A hog (Lair:4)
  3 fire elementals
  2 neqoxecs
  A steam dragon (Lair:6)
  2 hungry ghosts
  A golden eye (shapeshifter) (Vaults:4)
  19 vampire mosquitoes
  3 chaos spawn
  22 swamp worms
  Menkaure (D:7)
  15 insubstantial wisps
  3 wargs
  A spriggan simulacrum (Depths:1)
  50 nagas
  Duvessa (D:4)
  5 hell hounds (Lair:6)
  6 acid dragons
  A floating eye (shapeshifter) (D:13)
  13 water moccasins
  6 porcupines
  2 floating eyes
  A deep troll skeleton (Vaults:4)
  5 ice beasts
  46 orc warriors
  A black bear (D:9)
  A black bear (shapeshifter) (Elf:3)
  12 swamp drakes
  An ice beast (shapeshifter) (Vaults:3)
  A deep troll simulacrum (Depths:1)
  5 phantoms
  5 sky beasts
  14 boggarts
  An eye of draining (D:14)
  6 necrophages
  An ogre (shapeshifter) (Vaults:4)
  10 centaurs
  An eye of draining (shapeshifter) (Abyss:2)
  5 wolves
  42 ogres
  6 crocodiles
  2 big kobolds (D:14)
  21 bullfrogs
  3 gnoll sergeants
  7 earth elementals
  Dowan (D:4)
  A wyvern skeleton (D:9)
  3 scorpions
  2 elf simulacra
  An orc simulacrum (Vaults:1)
  6 wights
  28 killer bees
  7 howler monkeys
  17 electric eels
  5 lava snakes (Lair:6)
  16 crimson imps
  A bullfrog zombie (D:8)
  8 jellies
  A quasit (D:10)
  17 orc priests
  6 hounds
  27 orc wizards
  2 bullfrog skeletons
  An iron imp (Abyss:1)
  Crazy Yiuf (D:3)
  5 centaur skeletons
  Natasha (thrice) (D:2)
  7 hell rats (Lair:2)
  10 worker ants
  3 hound skeletons
  A worker ant zombie (D:11)
  Robin (D:4)
  19 adders
  24 gnolls
  2 river rats (D:6)
  2 shadow imps
  8 white imps
  2 ufetubi
  An ooze (D:1)
  An adder zombie (D:7)
  An adder skeleton (D:8)
  3 worms
  4 leopard geckos
  96 orcs
  10 bats
  17 giant cockroaches
  14 goblins
  18 hobgoblins
  2 jackals (D:10)
  7 quokkas
  2 ball pythons (Lair:3)
  2 frilled lizards
  14 kobolds
  A leopard gecko skeleton (D:5)
  8 rats
  A butterfly (Lair:5)
  2 fire vortices (Volcano)
  A lurking horror (Abyss:2)
  2 starspawn tentacles (Abyss:2)
2231 creatures vanquished.

Vanquished Creatures (collateral kills)
  A curse toe (Zot:4)
  A Killer Klown (Zot:5)
  4 golden dragons
  An electric golem (Zot:1)
  2 tentacled monstrosities
  2 Orb Guardians (Zot:5)
  A sphinx (Depths:4)
  2 quicksilver dragons
  2 death cobs
  A sphinx (shapeshifter) (Vaults:5)
  2 tengu reavers
  4 storm dragons
  5 shadow dragons
  3 fire giants
  An iron dragon (Vaults:5)
  A draconian knight (Zot:1)
  3 vault wardens (Vaults:5)
  A frost giant (Depths:4)
  A draconian scorcher (Zot:1)
  2 draconian shifters
  2 draconian annihilators (Depths:5)
  A war gargoyle (Vaults:5)
  2 stone giants
  A very ugly thing (Depths:4)
  3 green draconians
  7 black draconians
  2 white draconians (Zot:4)
  A yellow draconian (Zot:2)
  4 purple draconians
  A green death (Abyss:2)
  A yaktaur captain (Depths:4)
  2 ice dragons
  A two-headed ogre (Vaults:5)
  A spriggan (Depths:4)
  2 wretched stars (Abyss:2)
  A flayed ghost (Vaults:5)
  An orc knight (Vaults:5)
  3 ugly things (Depths:4)
  7 moths of wrath
  A vault sentinel (Vaults:5)
  A rime drake (shapeshifter) (Depths:5)
  9 yaktaurs
  2 ancient zymes
  3 large abominations
  A hornet (Depths:4)
  3 raiju
  2 neqoxecs
  3 hell hounds (Abyss:5)
  A snapping turtle zombie (Abyss:2)
  2 small abominations
  An iron imp (Abyss:2)
  A starspawn tentacle (Abyss:2)
113 creatures vanquished.

Vanquished Creatures (others)
  A lich (Depths:3)
  An eldritch tentacle (Vaults:3)
  A deep elf annihilator (Vaults:4)
  A jiangshi (Depths:3)
  An anaconda (Snake:1)
  A two-headed ogre (Vaults:3)
  A naga sharpshooter (Snake:2)
  A sea snake (Snake:4)
  A deep elf mage (Elf:1)
  A mana viper (Snake:1)
  A vault sentinel (Vaults:2)
  2 black mambas (Snake:1)
  A chaos spawn (Abyss:2)
  A naga (Snake:1)
  A hell hound (Abyss:5)
  2 humans
  A boggart (Depths:4)
  A killer bee (D:12)
  A butterfly (Lair:5)
  2 fire vortices (Volcano)
  11 fungi
  30 plants
  7 starspawn tentacles
  4 toadstools (D:1)
  4 withered plants
79 creatures vanquished.

Grand Total: 2423 creatures vanquished
